 Dungeon Crawl Stone Soup version 0.21.1-1-g345015f (webtiles) character file.

627 Fortress the Covert (level 7, -12/51 HPs)
             Began as a Vampire Assassin on June 5, 2018.
             Mangled by an ogre
             ... wielding a +0 giant spiked club of chaos
              (16 damage)
             ... on level 4 of the Dungeon.
             The game lasted 00:40:53 (3341 turns).

Fortress the Covert (Vampire Assassin)              Turns: 3341, Time: 00:40:53

Health: -12/51     AC:  7    Str: 12    XL:     7   Next: 23%
Magic:  7/7        EV:  9    Int: 14    God:    Xom [......]
Gold:   163        SH:  0    Dex: 15    Spells: 6/6 levels left

rFire    . . .     SeeInvis +   t - +0 dagger (chaos)
rCold    + + .     Gourm    .   (no shield)
rNeg     + + .     Faith    .   d - +0 scale mail
rPois    +         Spirit   .   (helmet restricted)
rElec    .         Reflect  .   A - +0 cloak
rCorr    .         Harm     .   (no gloves)
MR       .....                  (no boots)
Stlth    ++++......             (no amulet)
HPRegen  0.08/turn              c - ring of protection from cold
MPRegen  0.10/turn              (no ring)

@: about to teleport, regenerating slowly
A: fangs 3, horns 2, talons 1, see invisible, wild magic 1, unbreathing
a: Bat Form, Renounce Religion


You were on level 4 of the Dungeon.
You worshipped Xom.
You were a very special plaything of Xom.
You were thirsty.

You visited 1 branch of the dungeon, and saw 5 of its levels.

You collected 163 gold pieces.

Inventory:

Hand Weapons
 b - a +0 blowgun
 r - a +3 dagger of venom
 t - a +0 dagger of chaos (weapon)
 z - a +4 quarterstaff of chaos
 B - a cursed -2 short sword
Missiles
 e - 35 poisoned needles
 f - 2 curare-tipped needles
 h - 131 arrows
 j - 104 stones (quivered)
 l - 42 bolts
 p - 6 javelins
Armour
 d - a +0 scale mail (worn)
 o - a +0 ring mail
 A - a +0 cloak (worn)
Jewellery
 c - a ring of protection from cold (left hand)
Scrolls
 a - a scroll of amnesia {unknown}
 i - 2 scrolls of remove curse
 m - 3 scrolls of identify {unknown}
 n - 2 scrolls of magic mapping {unknown}
 q - a scroll of enchant armour {unknown}
 s - 2 scrolls of immolation {unknown}
 x - a scroll of enchant weapon {unknown}
 y - 2 scrolls of teleportation
Potions
 g - 20 potions of blood
 k - a potion of brilliance {unknown}
 u - a potion of lignification {unknown}
 v - a potion of resistance {unknown}
 w - a potion of berserk rage {unknown}


   Skills:
 + Level 2.8 Fighting
 * Level 6.3 Short Blades
 + Level 1.7 Throwing
 + Level 2.1 Armour
 - Level 1.1 Dodging
 + Level 8.5 Stealth


You had 6 spell levels left.
You didn't know any spells.

Dungeon Overview and Level Annotations

Branches:
Dungeon (5/15)
 Temple: D:4-7

Altars:
Xom


Innate Abilities, Weirdness & Mutations

You heal slowly.
You have razor-sharp teeth.
You have supernaturally acute eyesight. (SInv)
You can survive without breathing.
You have a pair of horns on your head.
You have sharp toenails.
Your spells are a little harder to cast, but a little more powerful.


Message History

"There, this looks better."
The worker ant bites you but does no damage.
As you read the scroll of teleportation, it crumbles to dust.
You feel strangely unstable. The worker ant completely misses you.
The ogre barely misses you.
You hit the worker ant.
The worker ant is poisoned.
You claw the worker ant, but do no damage.
You headbutt the worker ant, but do no damage.
The worker ant is severely wounded.
The worker ant barely misses you.
You hit the worker ant but do no damage.
You headbutt the worker ant, but do no damage.
The worker ant is severely wounded.
You kill the worker ant!
The orc barely misses you.
The ogre hits you with a giant spiked club of chaos!
* * * LOW HITPOINT WARNING * * *
You are electrocuted!
You die...
Xom roars with laughter!

................(.
##..................
#................<..
...................
#..................
..................
#.................
#......_....%#....
#@†.$..... .
#Oo....... .
##w........ ..
##.......... ....
##.....##..## #....
##..._.## ## ##...##
##......# ###......
........# #........
........##
##........


You could see an ogre, a worm and an orc.

Vanquished Creatures
  The ghost of Rathner the Chopper, an amateur HOFi (D:3)
  A scorpion (D:4)
  4 crimson imps (D:3)
  An orc priest (D:3)
  Crazy Yiuf (D:3)
  A worker ant (D:4)
  Robin (D:3)
  4 gnolls
  2 adders (D:2)
  5 oozes
  3 worms
  7 dart slugs
  4 leopard geckos
  9 orcs
  4 bats
  3 giant cockroaches
  14 goblins
  14 hobgoblins
  A quokka (D:2)
  A ball python skeleton (D:3)
  5 frilled lizards
  10 kobolds
  13 rats
109 creatures vanquished.

Notes
Turn   | Place    | Note
-------+----------+-------------------------------------------
     0 | D:1      | Fortress the Vampire Assassin began the quest for the Orb.
     0 | D:1      | Reached XP level 1. HP: 16/16 MP: 1/1
    40 | D:1      | Reached skill level 6 in Stealth
    73 | D:2      | Reached XP level 2. HP: 22/22 MP: 2/2
   160 | D:1      | Reached skill level 7 in Stealth
   238 | D:1      | Reached XP level 3. HP: 27/27 MP: 3/3
   894 | D:2      | Reached XP level 4. HP: 30/33 MP: 4/4
   981 | D:3      | Noticed Robin
  1469 | D:3      | Killed Robin
  1558 | D:3      | Found a shimmering altar of Xom.
  1562 | D:3      | Became a worshipper of Xom of Chaos
  1567 | D:3      | XOM: potion effect (brilliance)
  1575 | D:3      | Noticed Rathner's ghost (amateur HOFi)
  1586 | D:3      | XOM: potion effect (berserk rage)
  1587 | D:3      | Reached XP level 5. HP: 38/38 MP: 5/5
  1591 | D:3      | Reached skill level 8 in Stealth
  1592 | D:3      | XOM: potion effect (brilliance)
  1593 | D:3      | XOM: harmless Chrm miscast
  1594 | D:3      | XOM: potion effect (might)
  1607 | D:3      | Killed Rathner's ghost
  1607 | D:3      | Reached skill level 5 in Short Blades
  1607 | D:3      | Reached skill level 1 in Armour
  1607 | D:3      | Reached XP level 6. HP: 12/46 MP: 6/6
  1608 | D:3      | XOM: harmless Pois miscast
  1681 | D:3      | XOM: silly message
  1682 | D:3      | XOM: give mutations
  1682 | D:3      | Gained mutation: You have sharp toenails. [Xom's grace]
  1682 | D:3      | Gained mutation: You have a pair of small horns on your head. [Xom's grace]
  1682 | D:3      | Gained mutation: You have a pair of horns on your head. [Xom's grace]
  1682 | D:3      | Gained mutation: Your spells are a little harder to cast, but a little more powerful. [Xom's grace]
  1767 | D:3      | XOM: harmless Tloc miscast
  1940 | D:3      | XOM: cloud trail
  2122 | D:3      | XOM: fake destruction
  2298 | D:2      | XOM: god gift: notched emerald ring {god gift}
  2711 | D:3      | XOM: divination: magic mapping
  2800 | D:3      | Reached XP level 7. HP: 48/51 MP: 7/7
  2935 | D:3      | Found a runed door.
  2939 | D:3      | Noticed Crazy Yiuf
  2943 | D:3      | Killed Crazy Yiuf
  3075 | D:5      | Entered Level 5 of the Dungeon
  3289 | D:4      | XOM: god gift: ration
  3298 | D:4      | XOM: god gift: 16 arrows
  3323 | D:4      | XOM: chaos upgrade
  3338 | D:4      | XOM: scenery: create altars
  3341 | D:4      | Mangled by an ogre

Skill      XL: |  1  2  3  4  5  6  7 |
---------------+----------------------+-----
Stealth        | 6 7 8 |  8.5
Short Blades   | 3 4 5 6 |  6.3
Fighting       | 2 |  2.8
Armour         | 1 2 |  2.1
Throwing       | |  1.7
Dodging        | |  1.1

Action                   |  1- 3 |  4- 6 |  7- 9 || total
-------------------------+-------+-------+-------++-------
Melee: Dagger            |    83 |   186 |    22 ||   291
       Bite              |     8 |    22 |     1 ||    31
       Kick              |       |    21 |     8 ||    29
       Headbutt          |       |    10 |     5 ||    15
 Fire: Blowgun           |       |       |     4 ||     4
  Use: Scroll            |       |     2 |     1 ||     3
       Potion            |       |     2 |     1 ||     3
 Stab: Sleeping          |    12 |     6 |     1 ||    19
  Eat: Corpse            |     2 |     2 |       ||     4
Armor: Robe              |    10 |       |       ||    10
       Ring mail         |     7 |    42 |     1 ||    50
       Scale mail        |       |       |     8 ||     8
Dodge: Dodged            |    33 |    65 |    12 ||   110
